 Dungeon Crawl Stone Soup version 0.31-a0-844-gdc52ec4e09 (webtiles) character file.

Game seed: 12980901543486730894

343 randomguy2701 the Cruncher (level 6, -1/53 HPs)
             Began as a Gnoll Wanderer on Sept 29, 2023.
             Was a Priest of Cheibriados.
             Slain by a gnoll sergeant
             ... wielding a +0 trident
              (2 damage)
             ... on level 5 of the Dungeon.
             The game lasted 00:03:31 (2821 turns).

randomguy2701 the Cruncher (Gnoll Wanderer)         Turns: 2821, Time: 00:03:32

Health: -1/53      AC: 12    Str: 20    XL:     6   Next: 57%
Magic:  0/9        EV:  7    Int: 16    God:    Cheibriados [***...]
Gold:   89         SH:  0    Dex: 21    Spells: 9/9 levels left

rFire   x . .        a - +3 quarterstaff
rCold   + . .        (shield currently unavailable)
rNeg    . . .        t - +0 plate armour
rPois   .            s - +0 helmet
rElec   .            (no cloak)
rCorr   .            (no gloves)
SInv    .            (no boots)
Will    .....        n - amulet of guardian spirit Stlth
                     k - ring of ice
HPRegen 0.28/turn    (no ring)
MPRegen 0.11/turn

%: guardian spirit
@: very slow
A: fangs 1, strong nose, distributed training
a: Renounce Religion, Bend Time, Temporal Distortion


You were on level 5 of the Dungeon.
You worshipped Cheibriados.
Cheibriados was most pleased with you.
You visited 1 branch of the dungeon, and saw 5 of its levels.

You collected 89 gold pieces.

Inventory:

Hand Weapons
 a - a +3 quarterstaff (weapon)
 c - a +0 dagger
Missiles
 b - 16 poisoned darts (quivered)
Armour
 e - a +0 leather armour
 s - a +0 helmet (worn)
 t - a +0 plate armour (worn)
Jewellery
 k - a ring of ice (left hand)
 n - an amulet of guardian spirit (around neck)
Scrolls
 f - a scroll of fog {unknown}
 h - 4 scrolls of identify {unknown}
 j - a scroll of poison {unknown}
 m - 2 scrolls of immolation {unknown}
 o - 2 scrolls of teleportation {unknown}
 p - a scroll of acquirement {unknown}
 r - a scroll of amnesia {unknown}
Potions
 d - a potion of brilliance
 g - 4 potions of attraction {unknown}
 i - 2 potions of heal wounds {unknown}
 l - a potion of haste {unknown}
 q - a potion of lignification {unknown}


   Skills:
 + Level 6.8 Fighting
 + Level 2.0 Short Blades
 + Level 2.0 Long Blades
 + Level 2.0 Axes
 + Level 2.0 Maces & Flails
 + Level 2.0 Polearms
 + Level 10.6 Staves
 + Level 2.0 Ranged Weapons
 + Level 3.3 Throwing
 + Level 3.3 Armour
 + Level 2.0 Dodging
 + Level 2.0 Stealth
 + Level 2.0 Shields
 + Level 2.0 Unarmed Combat
 + Level 2.0 Spellcasting
 + Level 1.6 Conjurations
 + Level 1.6 Hexes
 + Level 1.6 Summonings
 + Level 1.6 Necromancy
 + Level 1.6 Translocations
 + Level 1.6 Transmutations
 + Level 1.6 Fire Magic
 + Level 1.6 Ice Magic
 + Level 1.6 Air Magic
 + Level 1.6 Earth Magic
 + Level 1.6 Poison Magic
 + Level 2.2 Invocations
 + Level 2.0 Evocations
 + Level 1.8 Shapeshifting


You had 9 spell levels left.
You didn't know any spells.
Your spell library contained the following spells:

 Spells                   Type           Power      Damage    Failure   Level
 Freeze                   Ice            40%        1d6       97%         1
 Frozen Ramparts          Ice            20%        1d4       100%        3
 Hailstorm                Conj/Ice       10%        3d5       100%        3


Dungeon Overview and Level Annotations

Branches:
Dungeon (5/15)
 Temple: D:4-7

Altars:
Cheibriados
Fedhas
Nemelex Xobeh
Qazlal
Ru
Trog
Wu Jian

Shops:
D:4 *


Innate Abilities, Weirdness & Mutations

You have very sharp teeth.
Your uncanny sense of smell can sniff out nearby items.
Your experience applies equally to all skills.


Message History

The gnoll attacks as it pursues you! The gnoll hits you with a +0 flail. x2
The gnoll hits you with a +0 club. The jackal attacks as it pursues you!
The jackal bites you but does no damage.
The gnoll sergeant attacks as it pursues you!
The gnoll sergeant hits you from afar with a +0 trident.
The jackal closely misses you. The gnoll hits you but does no damage.
The gnoll sergeant hits you but does no damage.
The gnoll hits you with a +0 club.
The jackal bites you but does no damage.
The jackal bites you.
The gnoll sergeant hits you from afar with a +0 trident.
The gnoll hits you with a +0 flail.
* * * LOW HITPOINT WARNING * * *
The gnoll attacks as it pursues you! The gnoll misses you.
The jackal barely misses you. The gnoll hits you with a +0 club.
* * * LOW HITPOINT WARNING * * *
The gnoll sergeant attacks as it pursues you!
The gnoll sergeant barely misses you. The jackal barely misses you.
The gnoll hits you with a +0 flail.
* * * LOW HITPOINT WARNING * * *
The gnoll sergeant hits you from afar with a +0 trident.
* * * LOW HITPOINT WARNING * * *
The gnoll hits you but does no damage.
Okay, then.
The jackal attacks as it pursues you!
The jackal bites you but does no damage.
The gnoll attacks as it pursues you! The gnoll hits you but does no damage.
The jackal bites you but does no damage.
The gnoll hits you with a +0 flail.
* * * LOW HITPOINT WARNING * * *
The jackal barely misses you. The jackal attacks as it pursues you!
The jackal bites you but does no damage.
The gnoll attacks as it pursues you! The gnoll hits you with a +0 club.
* * * LOW HITPOINT WARNING * * *
The gnoll attacks as it pursues you! The gnoll hits you but does no damage.
The gnoll sergeant attacks as it pursues you!
The gnoll sergeant hits you from afar with a +0 trident.
You die...

...............
................ ##.
................
.#..#................
.......#...........b..
..#.)....#..............
..........).............
........................
.....#.........g@.......
.............hg.......
#...#......g...##....
#...#....g...........
..###...................
......................##
.....##...............#
...###......#..........
......††..............#


You could see a gnoll sergeant, 3 gnolls and a jackal.

Vanquished Creatures
  A phantom (D:4)
  A hound (D:4)
  An orc priest (D:3)
  An iguana (D:5)
  An orc wizard (D:3)
  3 gnolls (D:4)
  4 adders
  3 ufetubi
  2 worms (D:2)
  A dart slug (D:2)
  3 orcs (D:3)
  7 endoplasms
  5 giant cockroaches
  4 goblins
  7 hobgoblins
  3 jackals (D:5)
  6 kobolds
  3 quokkas
  3 ball pythons
  7 bats
  8 frilled lizards
  3 rats
77 creatures vanquished.

Notes
Turn   | Place    | Note
-------+----------+-------------------------------------------
     0 | D:1      | Reached skill level 10 in Staves
     0 | D:1      | randomguy2701 the Gnoll Wanderer began the quest for the
                  | Orb.
     0 | D:1      | randomguy2701 set off with the following items: a +3
                  | quarterstaff, 13 poisoned darts, a +0 dagger, a potion of
                  | brilliance, a +0 leather armour.
     0 | D:1      | Reached XP level 1. HP: 23/23 MP: 1/1
   117 | D:1      | Reached XP level 2. HP: 29/29 MP: 2/2
   586 | D:1      | Reached XP level 3. HP: 35/35 MP: 3/3
   639 | D:1      | Found a faded altar of an unknown god.
   646 | D:1      | Prayed at the altar of an unknown god.
   646 | D:1      | Became a worshipper of Cheibriados the Contemplative
   646 | D:1      | Reached * piety under Cheibriados
   849 | D:2      | Reached skill level 1 in Invocations
  1210 | D:2      | Reached ** piety under Cheibriados
  1291 | D:2      | Reached skill level 1 in Short Blades
  1291 | D:2      | Reached skill level 1 in Long Blades
  1291 | D:2      | Reached skill level 1 in Axes
  1291 | D:2      | Reached skill level 1 in Maces & Flails
  1291 | D:2      | Reached skill level 1 in Polearms
  1291 | D:2      | Reached skill level 1 in Ranged Weapons
  1291 | D:2      | Reached skill level 1 in Dodging
  1291 | D:2      | Reached skill level 1 in Stealth
  1291 | D:2      | Reached skill level 1 in Shields
  1291 | D:2      | Reached skill level 1 in Unarmed Combat
  1291 | D:2      | Reached skill level 1 in Spellcasting
  1291 | D:2      | Reached skill level 1 in Evocations
  1376 | D:2      | Reached XP level 4. HP: 41/41 MP: 5/5
  1520 | D:2      | Reached skill level 1 in Shapeshifting
  1707 | D:3      | Reached skill level 1 in Conjurations
  1707 | D:3      | Reached skill level 1 in Hexes
  1707 | D:3      | Reached skill level 1 in Summonings
  1707 | D:3      | Reached skill level 1 in Necromancy
  1707 | D:3      | Reached skill level 1 in Translocations
  1707 | D:3      | Reached skill level 1 in Transmutations
  1707 | D:3      | Reached skill level 1 in Fire Magic
  1707 | D:3      | Reached skill level 1 in Ice Magic
  1707 | D:3      | Reached skill level 1 in Air Magic
  1707 | D:3      | Reached skill level 1 in Earth Magic
  1707 | D:3      | Reached skill level 1 in Poison Magic
  1731 | D:3      | Reached XP level 5. HP: 43/47 MP: 3/7
  1778 | D:3      | You fall into a shaft and drop 1 floor!
  1913 | D:4      | Found a bloodstained altar of Trog.
  1928 | D:4      | Noticed a phantom
  1938 | D:4      | Killed a phantom
  1939 | D:4      | Reached XP level 6. HP: 48/53 MP: 6/8
  1988 | D:4      | Found Maby's Gadget Gallery.
  2016 | D:4      | Reached *** piety under Cheibriados
  2326 | D:4      | Found an ornate altar of the Wu Jian Council.
  2333 | D:4      | Found a sacrificial altar of Ru.
  2333 | D:4      | Found a stormy altar of Qazlal.
  2351 | D:4      | Found a sparkling altar of Nemelex Xobeh.
  2354 | D:4      | Found a blossoming altar of Fedhas.
  2742 | D:5      | Entered Level 5 of the Dungeon
  2819 | D:5      | HP: 2/53 [gnoll sergeant/+0 trident (5)]
  2821 | D:5      | Slain by a gnoll sergeant

Illustrated notes

Levels and vault maps discovered:
D:1:      dpeg_arrival_tiny_g, layout_loops_ring,
          shapermc_ecumenical_altar_mp_ritualfount, grunt_decor_resistance
D:2:      wad_crossroads, layout_basic
D:3:      layout_basic
D:4:      layout_gridville, minmay_overflow_temple_star_hex,
          mainiacjoe_overflow_brackets, nicolae_shop_gadgets
D:5:      layout_cave_pools, lemuel_coloured_pillars_altar,
          overflow_temple_1_default, minmay_temple_entry_butterflies,
          gammafunk_ghost_hive, serial_gnoll_camp, gnoll_camp_mini_basic,
          gnoll_camp_mini_house, gnoll_camp_mini_shop,
          gnoll_camp_mini_loothouse, uniq_crazy_yiuf_cottage

Skill      XL: |  1  2  3  4  5  6 |
---------------+-------------------+-----
Staves         | | 10.6
Invocations    | 1 2 |  2.2
Short Blades   | 1 2 |  2.0
Long Blades    | 1 2 |  2.0
Axes           | 1 2 |  2.0
Maces & Flails | 1 2 |  2.0
Polearms       | 1 2 |  2.0
Ranged Weapons | 1 2 |  2.0
Dodging        | 1 2 |  2.0
Stealth        | 1 2 |  2.0
Shields        | 1 2 |  2.0
Unarmed Combat | 1 2 |  2.0
Spellcasting   | 1 2 |  2.0
Evocations     | 1 2 |  2.0
Shapeshifting  | 1 |  1.8
Conjurations   | 1 |  1.6
Hexes          | 1 |  1.6
Summonings     | 1 |  1.6
Necromancy     | 1 |  1.6
Translocations | 1 |  1.6
Transmutations | 1 |  1.6
Fire Magic     | 1 |  1.6
Ice Magic      | 1 |  1.6
Air Magic      | 1 |  1.6
Earth Magic    | 1 |  1.6
Poison Magic   | 1 |  1.6
Throwing       | 3 |  3.3
Armour         | 3 |  3.3
Fighting       | |  6.8

Action                     |  1- 3 |  4- 6 || total
---------------------------+-------+-------++-------
  Melee: Quarterstaff      |    76 |    79 ||   155
         Bite              |     6 |     4 ||    10
   Stab: Sleeping          |     1 |     4 ||     5
 Armour: Leather armour    |    25 |    31 ||    56
         Plate armour      |       |    59 ||    59
  Dodge: Dodged            |    36 |    51 ||    87

Table legend: (Time is in decaauts)
 A = Elapsed time spent in this place.
 B = Non-inter-level travel time spent in this place.
 C = Inter-level travel time spent in this place.
 D = Time resting spent in this place.
 E = Time spent auto-exploring this place.
 F = Levels seen in this place.
 G = Mean time per level.
                   A        B        C        D        E       F      G
               +--------+--------+--------+--------+--------+-----+--------+
         Total |   3563 |   3149 |    414 |    100 |   2568 |   5 |  712.6 |
       Dungeon |   3563 |   3149 |    414 |    100 |   2568 |   5 |  712.6 |
               +--------+--------+--------+--------+--------+-----+--------+

Top non-repeatable levels by time:
     D:2: 1203 daAuts
     D:4: 1032 daAuts
     D:1: 938 daAuts
     D:3: 300 daAuts
     D:5: 88 daAuts
